Map: Pillars of Gold LE

Players

Reynor - Winner!

  • Race: Zerg Zerg
  • League: Master
  • Spawn Location: 1:00

KingCobra

  • Race: Protoss Protoss
  • Spawn Location: 7:00

Event: DreamHack SC2 Masters 2020 Fall

VOD

Have the link to the VOD?

Description

Time

  • Played on: Sept. 6, 2020, 11:26 a.m.
  • Length: 8:18

All games in this series

Show
View Real Time Build Order
Export as new Build Order

Reynor Zerg - Winner!

Build Orders: Hatch First 

Get SALT Encoding   

  12  0:00  Drone  
  13  0:12  Overlord  
  13  0:17  Drone  
  14  0:30  Drone x2  
  16  0:49  Hatchery  
  15  0:53  Drone  
  16  0:57  Drone  
  16  1:01  Drone  
  18  1:11  Extractor  
  17  1:18  Spawning Pool  
  17  1:20  Drone  
  17  1:24  Drone  
  18  1:28  Drone  
  19  2:05  Zergling x8  
  19  2:08  Spine Crawler  
  19  2:31  Drone  
  19  2:32  Drone  
  19  2:33  Queen  
  21  2:40  Zergling x2  
  21  2:44  Drone  
  21  2:50  Drone  
  23  2:53  Drone  
  23  2:57  Drone  
  25  3:01  Drone  
  26  3:11  Queen  
  28  3:17  Drone  
  27  3:20  Overlord  
  27  3:31  Overlord  
  27  3:33  Drone  
  28  3:39  Drone x3  
  31  3:42  Drone x2  
  31  3:43  Drone  
  34  3:59  Hatchery  
  34  4:01  Drone  
  34  4:05  Drone  
  34  4:07  Zergling x4  
  36  4:10  Zergling x2  
  36  4:13  Zergling x2  
  38  4:18  Metabolic Boost  
  38  4:20  Zergling x2  
  38  4:21  Drone  
  40  4:24  Overlord  
  40  4:27  Drone  
  40  4:29  Drone  
  42  4:34  Drone  
  42  4:37  Spore Crawler  
  40  4:40  Drone  
  40  4:44  Evolution Chamber  
  40  4:49  Queen  
  40  4:51  Drone  
  43  4:53  Drone  
  43  4:57  Drone x2  
  43  4:58  Drone  
  47  5:02  Spore Crawler  
  47  5:05  Overlord  
  46  5:09  Drone x2  
  46  5:14  Drone x2  
  50  5:18  Zerg Melee Weapons Level 1  
  50  5:24  Drone  
  50  5:25  Queen  
  53  5:28  Drone x2  
  53  5:29  Drone x2  
  53  5:34  Drone x2  
  58  5:37  Drone  
  58  5:39  Overlord  
  59  5:43  Queen  
  59  5:48  Zergling x4  
  59  5:49  Drone  
  64  5:52  Drone  
  64  5:55  Overlord  
  65  6:02  Zergling x8  
  69  6:04  Drone, Spore Crawler  
  69  6:06  Drone  
  69  6:07  Drone x2  
  72  6:11  Overlord  
  72  6:14  Zergling x2  
  72  6:15  Zergling x2  
  74  6:24  Zergling x2  
  74  6:25  Zergling x2  
  76  6:26  Drone, Lair  
  76  6:28  Queen  
  76  6:29  Baneling Nest  
  78  6:34  Zergling x6  
  78  6:35  Extractor, Zergling x8  
  78  6:36  Overlord  
  84  6:40  Drone  
  85  6:47  Zergling x2  
  85  6:50  Drone x2  
  85  6:52  Hatchery  
  85  6:53  Drone  
  88  6:54  Queen  
  88  6:57  Drone, Overlord  
  88  6:58  Drone  
  88  6:59  Drone  
  93  7:05  Queen  
  93  7:07  Zergling x6  
  98  7:11  Overlord  
  95  7:16  Zergling x2  
  95  7:17  Zergling x12  
  95  7:19  Extractor  
  101  7:25  Drone  
  101  7:27  Baneling x9  
  101  7:29  Zergling x10  
  107  7:30  Baneling  
  107  7:37  Zergling x2  
  107  7:38  Zergling x4  
  107  7:39  Queen, Overlord  
  107  7:41  Drone x2  
  107  7:43  Overseer  
  113  7:55  Drone x3  
  109  8:00  Drone  
  109  8:01  Drone  
  109  8:03  Drone  
  109  8:04  Drone x3  
  109  8:05  Drone x2  
  114  8:06  Drone x2  
Show
View Real Time Build Order
Export as new Build Order

KingCobra Protoss 

Build Orders:  

Get SALT Encoding   

  12  0:00  Probe  
  13  0:12  Probe  
  14  0:20  Pylon  
  14  0:24  Probe  
  15  0:38  Probe (Chrono Boost)  
  15  0:39  Gateway  
  16  0:49  Probe (Chrono Boost)  
  17  0:50  Assimilator  
  17  0:54  Probe (Chrono Boost)  
  18  1:12  Forge  
  18  1:13  Probe  
  19  1:29  Pylon  
  19  1:37  Pylon  
  19  1:39  Pylon  
  19  1:40  Pylon  
  19  1:49  Photon Cannon  
  19  1:56  Photon Cannon  
  19  2:11  Cybernetics Core  
  19  2:31  Nexus  
  19  2:42  Pylon  
  19  2:45  Stalker (Chrono Boost)  
  21  2:54  Probe  
  22  2:59  Assimilator  
  21  3:06  Probe  
  21  3:07  Warp Gate  
  21  3:08  Adept (Chrono Boost)  
  23  3:22  Probe  
  24  3:34  Adept (Chrono Boost)  
  24  3:35  Probe (Chrono Boost)  
  27  3:43  Probe (Chrono Boost)  
  27  3:47  Probe (Chrono Boost)  
  29  3:53  Probe (Chrono Boost)  
  29  3:54  Probe (Chrono Boost)  
  31  3:56  Stargate  
  31  3:58  Probe (Chrono Boost)  
  31  4:01  Probe  
  33  4:04  Shield Battery  
  33  4:10  Probe  
  33  4:13  Probe  
  35  4:22  Probe (Chrono Boost), Pylon  
  36  4:30  Probe (Chrono Boost)  
  37  4:33  Probe (Chrono Boost)  
  37  4:37  Oracle (Chrono Boost)  
  37  4:38  Probe (Chrono Boost)  
  35  4:39  Probe (Chrono Boost)  
  39  4:48  Probe  
  39  4:50  Assimilator, Probe  
  41  4:55  Assimilator  
  41  5:00  Probe  
  41  5:01  Void Ray  
  41  5:02  Probe  
  43  5:12  Probe  
  48  5:15  Probe (Chrono Boost)  
  49  5:24  Twilight Council, Probe (Chrono Boost)  
  49  5:26  Pylon  
  51  5:32  Probe (Chrono Boost)  
  51  5:34  Probe (Chrono Boost)  
  52  5:39  Probe x2 (Chrono Boost)  
  52  5:42  Pylon  
  54  5:51  Probe x2  
  54  5:55  Resonating Glaives (Chrono Boost)  
  56  6:02  Gateway  
  56  6:03  Probe  
  57  6:04  Probe  
  57  6:05  Gateway  
  57  6:07  Gateway  
  58  6:12  Protoss Ground Weapons Level 1 (Chrono Boost)  
  58  6:18  Nexus  
  58  6:19  Pylon  
  58  6:20  Adept  
  58  6:21  Probe x2  
  62  6:26  Gateway  
  62  6:39  Shield Battery  
  62  6:41  Photon Cannon  
  62  6:43  Adept  
  64  6:48  Gateway  
  64  6:50  Gateway  
  64  6:51  Pylon  
  64  6:56  Probe  
  64  6:57  Probe  
  66  7:01  Templar Archives  
  66  7:03  Adept x2  
  66  7:05  Adept  
  66  7:08  Adept  
  74  7:18  Probe x2  
  76  7:23  Adept x2  
  76  7:24  Adept  
  76  7:26  Adept  
  84  7:30  Probe (Chrono Boost)  
  84  7:31  Adept  
  84  7:36  Probe (Chrono Boost)  
  89  7:41  Probe (Chrono Boost)  
  89  7:42  Probe (Chrono Boost)  
  90  7:45  Assimilator  
  90  7:46  Probe (Chrono Boost)  
  90  7:48  Probe (Chrono Boost)  
  90  7:49  Assimilator, Probe (Chrono Boost), Pylon  
  93  7:55  Adept  
  73  8:01  Adept x4  

Tags
 
Add a new tag
Caveats
  • Supply blocks, unpowered buildings, or Contaminate may cause inaccurate times.
  • Supply counts are checked every 10 seconds.